 Dungeon Crawl Stone Soup version 0.21-a0-516-gaaff437 (webtiles) character file.

29 Gerstahl the Twirler (level 3, 28/28 HPs)
             Began as a Demonspawn Gladiator on Dec 4, 2017.
             Was an Initiate of Ashenzari.
             Quit the game on level 1 of the Dungeon.
             The game lasted 00:01:13 (474 turns).

Gerstahl the Twirler (Demonspawn Gladiator)          Turns: 474, Time: 00:01:14

Health: 28/28      AC:  3    Str: 14    XL:     3   Next: 1%
Magic:  3/3        EV: 12    Int:  9    God:    Ashenzari [......]
Gold:   11         SH:  0    Dex: 15    Spells: 2/2 levels left

rFire    . . .     SeeInvis .   a - +0 quarterstaff
rCold    . . .     Gourm    .   (shield currently unavailable)
rNeg     . . .     Faith    .   b - +0 leather armour
rPois    .         Spirit   .   (helmet restricted)
rElec    .         Reflect  .   (no cloak)
rCorr    .         Harm     .   (no gloves)
MR       .....                  (no boots)
Stlth    +.........             (no amulet)
HPRegen  0.09/turn              (no ring)
MPRegen  0.08/turn              (no ring)

@: no status effects
A: antennae 1, demonic guardian 1
a: Curse Item, Renounce Religion


You were on level 1 of the Dungeon.
You worshipped Ashenzari.
Ashenzari was noncommittal.
You were not hungry.

You visited 1 branch of the dungeon, and saw 1 of its levels.

You collected 11 gold pieces.

Inventory:

Hand Weapons
 a - a +0 quarterstaff (weapon)
Missiles
 d - 3 throwing nets (quivered)
Armour
 b - a +0 leather armour (worn)
 c - a +0 helmet
Scrolls
 g - 2 scrolls of identify {unknown}
 h - a scroll of teleportation {unknown}
 i - a scroll of remove curse
 k - a scroll of enchant armour {unknown}
 l - a scroll of fog {unknown}
Potions
 e - a potion of invisibility {unknown}
 j - a potion of flight {unknown}
Comestibles
 f - a bread ration


   Skills:
 + Level 2.8 Fighting
 + Level 3.3 Staves
 - Level 1.7 Throwing
 - Level 2.6 Dodging


You had 2 spell levels left.
You didn't know any spells.

Dungeon Overview and Level Annotations

Branches:
Dungeon (1/15)

Altars:
Ashenzari


Innate Abilities, Weirdness & Mutations

You have a pair of small antennae on your head.
A weak demonic guardian rushes to your aid.


Message History

The kobold hits you but does no damage.
A kobold is nearby!
You barely miss the kobold.
The kobold is severely wounded.
The kobold misses you.
You hit the kobold but do no damage.
The kobold is severely wounded.
The kobold misses you.
A kobold is nearby!
You hit the kobold.
You kill the kobold!
You have reached level 3!
Your experience leads to an increase in your attributes!
Increase (S)trength, (I)ntelligence, or (D)exterity?
You feel agile.
Your demonic ancestry asserts itself...
A pair of antennae grows on your head!
Your +0 helmet falls away!
Things that are here:
an uncursed dagger; a kobold corpse x2
Are you sure you want to abandon this character and quit the game? (Confirm with "yes".)

#.#..>.......+.......
#.##....♣#####.......
#.##..P.. +.....).
#.###....P #.......
#.##.P≈♣♣.♣ #.......
#.##.≈≈≈♣.. ###.)...
#.##♣≈≈≈♣♣.. ###.####
#(##P≈♣≈≈≈P..#.......
#(..@≈≈≈≈♣♣P #.......
###...≈≈≈≈..##.......
##...≈≈≈...........
##...P..♣.........
.P....#[....####
.#♣P..#.....# # .#
#.P#.....# # ..
...(.....# #
####....#####


There were no monsters in sight!

Vanquished Creatures
  A leopard gecko (D:1)
  2 giant cockroaches (D:1)
  3 goblins (D:1)
  A hobgoblin (D:1)
  6 kobolds (D:1)
  6 bats (D:1)
  4 frilled lizards (D:1)
  4 rats (D:1)
27 creatures vanquished.

Notes
Turn   | Place    | Note
-------+----------+-------------------------------------------
     0 | D:1      | Gerstahl the Demonspawn Gladiator began the quest for the Orb.
     0 | D:1      | Reached XP level 1. HP: 16/16 MP: 1/1
    73 | D:1      | Reached skill level 3 in Staves
    91 | D:1      | Gained mutation: A weak demonic guardian rushes to your aid. [demonic ancestry]
    91 | D:1      | Reached XP level 2. HP: 20/23 MP: 2/2
   200 | D:1      | Found a shattered altar of Ashenzari.
   203 | D:1      | Became a worshipper of Ashenzari the Shackled
   472 | D:1      | Gained mutation: You have a pair of small antennae on your head. [demonic ancestry]
   472 | D:1      | Reached XP level 3. HP: 28/28 MP: 3/3
   474 | D:1      | Quit the game

Vault maps used:
D:1:      sevenhm_arrival_forest_fort_small_3, serial_bayou_pond_a,
          serial_bayou_pond_e, ashenzari_altar_1

Skill      XL: |  1 |
---------------+----+-----
Staves         | 3 |  3.3
Fighting       | |  2.8
Throwing       | |  1.7
Dodging        | |  2.6

Action                   || total
-------------------------++-------
Melee: Quarterstaff      ||    80
 Stab: Sleeping          ||     1
Armor: Leather armour    ||    46
Dodge: Dodged            ||    75

Table legend:
 A = Spawn XP
 B = Non-spawn XP
 C = Spawn XP percentage of total XP
 D = Spawn monster count
 E = Non-spawn monster count
 F = Spawn count percentage of total count
 G = Total turns spent on level
                    A         B        C        D         E        F      G
               +---------+---------+-------+---------+---------+-------+---------
         Total |       0 |      42 |   0.0 |       0 |      27 |   0.0 |   474
               +---------+---------+-------+---------+---------+-------+---------
           D:1 |       0 |      42 |   0.0 |       0 |      27 |   0.0 |   474
               +---------+---------+-------+---------+---------+-------+---------
